 Dungeon Crawl Stone Soup version 0.29-a0-284-gf9362112df (webtiles) character file.

Game seed: 15333069864706989384

2186 IndexError the Frost Mage (level 9, -6/65 HPs)
             Began as a Gnoll Ice Elementalist on Mar 14, 2022.
             Was an Initiate of Ashenzari.
             Killed from afar by an electric eel (7 damage)
             ... with a bolt of electricity
             ... on level 7 of the Dungeon.
             The game lasted 00:16:23 (10348 turns).

IndexError the Frost Mage (Gnoll Ice Elementalist) Turns: 10348, Time: 00:16:24

Health: -6/65      AC:  3    Str:  8    XL:     9   Next: 33%
Magic:  18/18      EV: 16    Int: 24    God:    Ashenzari [......]
Gold:   374        SH:  0    Dex: 19    Spells: 12/21 levels left

rFire   + . .      SeeInvis .   k - +0 hunting sling
rCold   . . .      Faith    .   (no shield)
rNeg    . . .      Spirit   .   w - +0 robe {rF+}
rPois   .          Reflect  .   (no helmet)
rElec   .          Harm     .   C - +0 cloak
rCorr   .          Rampage  .   (no gloves)
Will    .....                   (no boots)
Stlth   ++++......              (no amulet)
HPRegen 0.20/turn               o - +6 ring of dexterity
MPRegen 0.16/turn               u - ring "Restrained Scepticism" {Int+6, Cun, Elem} (curse)

@: no status effects
A: fangs 1, strong nose, distributed training
a: Renounce Religion, Curse Item, Shatter the Chains


You were on level 7 of the Dungeon.
You worshipped Ashenzari.
Ashenzari was noncommittal.
You visited 2 branches of the dungeon, and saw 8 of its levels.
You also visited: Sewer.

You collected 374 gold pieces.

Inventory:

Hand Weapons
 k - a +0 hunting sling (weapon)
   (You found it on level 2 of the Dungeon)
 n - the +6 hand axe of Rotation {spect, *Rage rPois rC- Int+8}
   (You found it on level 2 of the Dungeon)

   When its wielder attacks, the weapon's spirit leaps out and strikes again.
   The spirit shares a part of any damage it takes with its wielder.
   Int:       It affects your intelligence (+8).
   rC:        It makes you vulnerable to cold.
   rPois:     It protects you from poison.
   *Rage:     It berserks you when you make melee attacks (+20% chance).
 v - a +2 hand axe of electrocution
   (You took it off an orc on level 4 of the Dungeon)
Missiles
 y - 5 curare-tipped darts
Armour
 t - a +0 leather armour
   (You found it on level 6 of the Dungeon)
 w - a +0 robe of fire resistance (worn)
   (You took it off Dowan on level 5 of the Dungeon)
 C - a +0 cloak (worn)
   (You took it off Crazy Yiuf on level 4 of the Dungeon)
Jewellery
 o - a +6 ring of dexterity (left hand)
   (You took it off a goblin on level 2 of the Dungeon)
 u - the cursed ring "Restrained Scepticism" (right hand) {Int+6, Cun, Elem}
   (You took it off Duvessa on level 5 of the Dungeon)

   [ring of intelligence]

   Int:       It affects your intelligence (+6).
   It has a curse which improves the following skills: Cunning: Dodging and
   Stealth.
   Elements:  Fire Magic, Ice Magic, Air Magic and Earth Magic.
Wands
 j - a wand of mindburst (13)
   (You found it on level 6 of the Dungeon)
 B - a wand of iceblast (5)
   (You found it on level 6 of the Dungeon)
Scrolls
 a - 2 scrolls of silence {unknown}
 h - a scroll of enchant weapon {unknown}
 i - 4 scrolls of immolation {!r}
 l - 3 scrolls of teleportation
 m - a scroll of vulnerability {unknown}
 r - 4 scrolls of identify
 x - 3 scrolls of fear
 A - a scroll of amnesia {unknown}
 D - a scroll of blinking {unknown}
Potions
 b - a potion of magic
 c - a potion of brilliance {unknown}
 d - 5 potions of heal wounds {unknown}
 e - 4 potions of haste
 f - a potion of berserk rage {!q}
 g - 4 potions of mutation {unknown}
 p - 4 potions of flight
 q - 2 potions of curing
 s - a potion of might {unknown}
 z - a potion of attraction {unknown}


   Skills:
 + Level 4.1 Fighting
 + Level 4.1 Short Blades
 + Level 4.1 Long Blades
 + Level 4.1 Axes
 + Level 4.1 Maces & Flails
 + Level 4.1 Polearms
 + Level 4.1 Staves
 + Level 4.1 Slings
 + Level 4.1 Bows
 + Level 4.1 Crossbows
 + Level 4.1 Throwing
 + Level 4.1 Armour
 + Level 6.2(6.7) Dodging
 + Level 6.0(6.4) Stealth
 + Level 4.1 Shields
 + Level 4.1 Unarmed Combat
 + Level 6.5 Spellcasting
 + Level 3.4 Conjurations
 + Level 3.4 Hexes
 + Level 3.4 Summonings
 + Level 3.4 Necromancy
 + Level 3.4 Translocations
 + Level 3.4 Transmutations
 + Level 3.4(3.8) Fire Magic
 + Level 8.0(8.4) Ice Magic
 + Level 3.4(3.8) Air Magic
 + Level 3.4(3.8) Earth Magic
 + Level 3.4 Poison Magic
 + Level 4.5 Invocations
 + Level 4.1 Evocations


You had 12 spell levels left.
You knew the following spells:

 Your Spells              Type           Power      Damage    Failure   Level
a - Freeze                Ice            100%       1d11      1%          1
b - Frozen Ramparts       Ice            96%        1d11      1%          3
c - Ensorcelled Hibernat  Hex/Ice        72%        N/A       1%          2
A - Ozocubu's Armour      Ice            48%        N/A       1%          3

Your spell library contained the following spells:

 Spells                   Type           Power      Damage    Failure   Level
 Magic Dart               Conj           96%        1d7       1%          1
 Call Imp                 Summ           24%        N/A       2%          2
 Corpse Rot               Necr/Air       50%        N/A       2%          2
 Passwall                 Tmut/Erth      20%        N/A       2%          2
 Poisonous Vapours        Pois/Air       50%        N/A       2%          2
 Swiftness                Air            26%        N/A       4%          3
 Mephitic Cloud           Conj/Pois/Air  24%        N/A       5%          3
 Hailstorm                Conj/Ice       36%        3d9       7%          4


Dungeon Overview and Level Annotations

Branches:
Dungeon (7/15)             Temple (1/1) D:4           Sewer (visited)

Altars:
Ashenzari
Cheibriados
Dithmenos
Elyvilon
Fedhas
Gozag
Hepliaklqana
Kikubaaqudgha
Makhleb
Nemelex Xobeh
Okawaru
Qazlal
Ru
Sif Muna
Trog
Uskayaw
Vehumet
Wu Jian
Xom
Yredelemnul
Zin
The Shining One

Shops:
D:3 ?

Annotations:
D:4 Natasha


Innate Abilities, Weirdness & Mutations

You have very sharp teeth.
Your uncanny sense of smell can sniff out nearby items.
Your experience applies equally to all skills.


Message History

The frozen ramparts melt away.
An electric eel comes into view.
You see here a scorpion corpse.
Spoiler Alert: The electric eel (asleep) can hit for high damage at range!
MP restored: 18 You shoot a sling bullet.
The sling bullet hits the electric eel!
The electric eel shoots out a bolt of lightning at you!
The bolt of electricity hits you!
Spoiler Alert: The electric eel can hit for high damage at range!
You take 10 damage, and have 55/65 hp.
You shoot a sling bullet. The sling bullet hits the electric eel.
The electric eel shoots out a bolt of lightning at you!
The bolt of electricity hits you!
You take 11 damage, and have 44/65 hp.
You shoot a sling bullet.
The sling bullet barely misses the electric eel.
Spoiler Alert: The electric eel can hit for high damage at range!
You shoot a sling bullet.
The sling bullet misses the electric eel.
The electric eel shoots out a bolt of lightning at you!
The bolt of electricity hits you!
You take 11 damage, and have 34/65 hp.
You are too injured to fight recklessly!
Spoiler Alert: The electric eel can hit for high damage at range!
You are too injured to fight recklessly!
You start resting.
HP restored.
Health restored: 65 You see here a scorpion corpse.
Found an escape hatch in the floor.
D - a scroll labelled NIBRYKH XUCWIHOUQ Spoiler Alert: The electric eel (wandering) can hit for high damage at range!
You shoot a sling bullet.
The sling bullet barely misses the electric eel.
The electric eel shoots out a bolt of lightning at you!
The bolt of electricity hits you!
You shoot a sling bullet.
The sling bullet misses the electric eel.
Spoiler Alert: The electric eel can hit for high damage at range!
You take 12 damage, and have 53/65 hp.
You shoot a sling bullet.
The sling bullet closely misses the electric eel.
You shoot a sling bullet. The sling bullet hits the electric eel.
The electric eel shoots out a bolt of lightning at you!
The bolt of electricity hits you!
Spoiler Alert: The electric eel can hit for high damage at range!
You take 13 damage, and have 41/65 hp.
You shoot a sling bullet.
The sling bullet closely misses the electric eel.
The electric eel shoots out a bolt of lightning at you!
The bolt of electricity hits you!
You are too injured to fight recklessly!
Spoiler Alert: The electric eel can hit for high damage at range!
You take 8 damage, and have 33/65 hp.
You are too injured to fight recklessly!
You are too injured to fight recklessly!
Fire: k) +0 hunting sling
Press: ? - help, Q - select action Shift-Dir - straight line, f/p - electric eel
Aim: an electric eel (water, severely wounded, 46% to hit)
You shoot a sling bullet. The sling bullet hits the electric eel.
The electric eel shoots out a bolt of lightning at you!
The bolt of electricity misses you.
Fire: k) +0 hunting sling
Press: ? - help, Q - select action Shift-Dir - straight line, f/p - electric eel
Aim: an electric eel (water, almost dead, 46% to hit)
You shoot a sling bullet.
The sling bullet misses the electric eel.
Spoiler Alert: The electric eel can hit for high damage at range!
Fire: k) +0 hunting sling
Press: ? - help, Q - select action Shift-Dir - straight line, f/p - electric eel
Aim: an electric eel (water, almost dead, 46% to hit)
You shoot a sling bullet.
The sling bullet hits the electric eel but does no damage.
The electric eel shoots out a bolt of lightning at you!
The bolt of electricity hits you!
* * * LOW HITPOINT WARNING * * *
The electric eel shoots out a bolt of lightning at you!
The bolt of electricity hits you!
* * * LOW HITPOINT WARNING * * *
Fire: k) +0 hunting sling
Press: ? - help, Q - select action Shift-Dir - straight line, f/p - electric eel
Aim: an electric eel (water, almost dead, 46% to hit)
You shoot a sling bullet.
The sling bullet hits the electric eel but does no damage.
The electric eel shoots out a bolt of lightning at you!
The bolt of electricity misses you.
Fire: k) +0 hunting sling
Press: ? - help, Q - select action Shift-Dir - straight line, f/p - electric eel
Aim: an electric eel (water, almost dead, 46% to hit)
You shoot a sling bullet.
The sling bullet closely misses the electric eel.
The electric eel shoots out a bolt of lightning at you!
The bolt of electricity hits you!
* * * LOW HITPOINT WARNING * * *
Spoiler Alert: The electric eel can hit for high damage at range!
You take 33 damage, and have 1/65 hp.
MASSIVE DAMAGE!!
Unknown command.
The electric eel shoots out a bolt of lightning at you!
The bolt of electricity hits you!
You die...

≈.# ∆......≈###+# ≈.####
#)#..##≈##≈.≈##≈....#
#.#..##≈≈≈≈.≈S≈≈....#
#.#..#....>.........#
#.#.... ... ........#
#.#.#(# #.# #.......#
#####.#.#†# #.###.......#
....<.....###...@.......#
.......##.....####.####.#
######.###.#### #.#
#.......... #.#
#..###.#### ... #..# #.#
.#. #..# #.# . ># #..#
#.# .# ## #..# #.#


You could see an electric eel.

Vanquished Creatures
  A wraith (D:6)
  3 water moccasins
  Duvessa (D:5)
  A sky beast (D:5)
  2 ogres (D:5)
  A phantom (D:5)
  A kobold brigand (D:6)
  Blork the orc (D:4)
  2 bullfrogs
  A necrophage (D:5)
  4 scorpions
  Dowan (D:5)
  2 hounds
  A jelly (D:6)
  Crazy Yiuf (D:4)
  Natasha (D:4)
  7 iguanas
  A merfolk avatar (Sewer)
  A merfolk siren (Sewer)
  A gnoll (D:5)
  8 adders
  4 river rats
  A shadow imp (D:6)
  2 white imps
  An ufetubus (D:6)
  4 worms
  6 dart slugs
  18 orcs
  7 endoplasms
  4 giant cockroaches
  8 goblins
  7 hobgoblins
  6 jackals (D:2)
  10 kobolds
  5 quokkas
  8 ball pythons
  6 bats
  5 frilled lizards
  30 rats
174 creatures vanquished.

Vanquished Creatures (others)
  A butterfly (D:5)
1 creature vanquished.

Grand Total: 175 creatures vanquished

Notes
Turn   | Place    | Note
-------+----------+-------------------------------------------
     0 | D:1      | IndexError the Gnoll Ice Elementalist began the quest for
                  | the Orb.
     0 | D:1      | Reached XP level 1. HP: 13/13 MP: 6/6
   263 | D:1      | Reached XP level 2. HP: 18/19 MP: 5/7
  1185 | D:2      | Reached XP level 3. HP: 25/25 MP: 7/9
  1192 | D:1      | Learned a level 3 spell: Frozen Ramparts
  1196 | D:1      | Learned a level 3 spell: Ozocubu's Armour
  1326 | D:2      | Reached skill level 5 in Spellcasting
  1809 | D:2      | Identified the +6 hand axe of Rotation {spect, *Rage rPois
                  | rC- Int+8}
  1864 | D:2      | Reached skill level 1 in Invocations
  2060 | D:2      | Reached skill level 1 in Fighting
  2060 | D:2      | Reached skill level 1 in Short Blades
  2060 | D:2      | Reached skill level 1 in Long Blades
  2060 | D:2      | Reached skill level 1 in Axes
  2060 | D:2      | Reached skill level 1 in Maces & Flails
  2060 | D:2      | Reached skill level 1 in Polearms
  2060 | D:2      | Reached skill level 1 in Staves
  2060 | D:2      | Reached skill level 1 in Slings
  2060 | D:2      | Reached skill level 1 in Bows
  2060 | D:2      | Reached skill level 1 in Crossbows
  2060 | D:2      | Reached skill level 1 in Throwing
  2060 | D:2      | Reached skill level 1 in Armour
  2060 | D:2      | Reached skill level 1 in Shields
  2060 | D:2      | Reached skill level 1 in Unarmed Combat
  2060 | D:2      | Reached skill level 1 in Evocations
  2295 | D:3      | Reached XP level 4. HP: 32/32 MP: 4/11
  2463 | D:3      | Reached skill level 1 in Conjurations
  2463 | D:3      | Reached skill level 1 in Hexes
  2463 | D:3      | Reached skill level 1 in Summonings
  2463 | D:3      | Reached skill level 1 in Necromancy
  2463 | D:3      | Reached skill level 1 in Translocations
  2463 | D:3      | Reached skill level 1 in Transmutations
  2463 | D:3      | Reached skill level 1 in Fire Magic
  2463 | D:3      | Reached skill level 1 in Air Magic
  2463 | D:3      | Reached skill level 1 in Earth Magic
  2463 | D:3      | Reached skill level 1 in Poison Magic
  2488 | D:3      | Reached XP level 5. HP: 27/37 MP: 4/12
  2519 | D:3      | Found a glowing drain.
  2529 | Sewer    | Entered a sewer
  3015 | Sewer    | Noticed a malarious merfolk avatar
  3031 | Sewer    | Killed a malarious merfolk avatar
  3350 | D:3      | Learned a level 2 spell: Ensorcelled Hibernation
  3371 | D:3      | Reached XP level 6. HP: 44/44 MP: 13/13
  3390 | D:3      | Reached skill level 2 in Invocations
  3471 | D:3      | Found Neblinik's Magic Scroll Boutique.
  4307 | D:4      | Found a staircase to the Ecumenical Temple.
  4323 | Temple   | Entered the Ecumenical Temple
  4529 | Temple   | Became a worshipper of Ashenzari the Shackled
  4815 | D:4      | Reached skill level 2 in Fighting
  4815 | D:4      | Reached skill level 2 in Short Blades
  4815 | D:4      | Reached skill level 2 in Long Blades
  4815 | D:4      | Reached skill level 2 in Axes
  4815 | D:4      | Reached skill level 2 in Maces & Flails
  4815 | D:4      | Reached skill level 2 in Polearms
  4815 | D:4      | Reached skill level 2 in Staves
  4815 | D:4      | Reached skill level 2 in Slings
  4815 | D:4      | Reached skill level 2 in Bows
  4815 | D:4      | Reached skill level 2 in Crossbows
  4815 | D:4      | Reached skill level 2 in Throwing
  4815 | D:4      | Reached skill level 2 in Armour
  4815 | D:4      | Reached skill level 5 in Dodging
  4815 | D:4      | Reached skill level 2 in Shields
  4815 | D:4      | Reached skill level 2 in Unarmed Combat
  4815 | D:4      | Reached skill level 2 in Evocations
  4986 | D:4      | Noticed Natasha
  4992 | D:4      | Killed Natasha
  5196 | D:4      | Found a runed translucent door.
  5197 | D:4      | Noticed Crazy Yiuf
  5220 | D:4      | Noticed Blork the orc
  5232 | D:4      | Killed Blork the orc
  5233 | D:4      | Reached XP level 7. HP: 38/50 MP: 9/15
  5373 | D:4      | Killed Crazy Yiuf
  5484 | D:5      | Entered Level 5 of the Dungeon
  5563 | D:4      | Noticed Natasha
  5582 | D:5      | Reached skill level 2 in Conjurations
  5582 | D:5      | Reached skill level 2 in Hexes
  5582 | D:5      | Reached skill level 2 in Summonings
  5582 | D:5      | Reached skill level 2 in Necromancy
  5582 | D:5      | Reached skill level 2 in Translocations
  5582 | D:5      | Reached skill level 2 in Transmutations
  5582 | D:5      | Reached skill level 2 in Fire Magic
  5582 | D:5      | Reached skill level 2 in Air Magic
  5582 | D:5      | Reached skill level 2 in Earth Magic
  5582 | D:5      | Reached skill level 2 in Poison Magic
  5733 | D:5      | Reached skill level 5 in Stealth
  5811 | D:5      | Noticed Dowan
  5813 | D:5      | Noticed Duvessa
  5960 | D:5      | Reached skill level 3 in Invocations
  6226 | D:5      | Reached XP level 8. HP: 49/56 MP: 16/16
  6291 | D:5      | Found a white marble altar of Elyvilon.
  6353 | D:5      | Reached skill level 3 in Fighting
  6353 | D:5      | Reached skill level 3 in Short Blades
  6353 | D:5      | Reached skill level 3 in Long Blades
  6353 | D:5      | Reached skill level 3 in Axes
  6353 | D:5      | Reached skill level 3 in Maces & Flails
  6353 | D:5      | Reached skill level 3 in Polearms
  6353 | D:5      | Reached skill level 3 in Staves
  6353 | D:5      | Reached skill level 3 in Slings
  6353 | D:5      | Reached skill level 3 in Bows
  6353 | D:5      | Reached skill level 3 in Crossbows
  6353 | D:5      | Reached skill level 3 in Throwing
  6353 | D:5      | Reached skill level 3 in Armour
  6353 | D:5      | Reached skill level 3 in Shields
  6353 | D:5      | Reached skill level 3 in Unarmed Combat
  6353 | D:5      | Reached skill level 3 in Evocations
  6593 | D:5      | Reached skill level 6 in Spellcasting
  7254 | D:5      | Found a white marble altar of Elyvilon.
  7496 | D:5      | Killed Duvessa
  8114 | D:5      | Killed Dowan
  8345 | D:5      | Found a white marble altar of Elyvilon.
  8805 | D:6      | Reached skill level 3 in Conjurations
  8805 | D:6      | Reached skill level 3 in Hexes
  8805 | D:6      | Reached skill level 3 in Summonings
  8805 | D:6      | Reached skill level 3 in Necromancy
  8805 | D:6      | Reached skill level 3 in Translocations
  8805 | D:6      | Reached skill level 3 in Transmutations
  8805 | D:6      | Reached skill level 3 in Fire Magic
  8805 | D:6      | Reached skill level 3 in Air Magic
  8805 | D:6      | Reached skill level 3 in Earth Magic
  8805 | D:6      | Reached skill level 3 in Poison Magic
  8805 | D:6      | Reached skill level 4 in Invocations
  9149 | D:6      | Reached skill level 6 in Dodging
  9149 | D:6      | Reached XP level 9. HP: 65/65 MP: 12/18
  9291 | D:6      | Reached skill level 4 in Fighting
  9291 | D:6      | Reached skill level 4 in Short Blades
  9291 | D:6      | Reached skill level 4 in Long Blades
  9291 | D:6      | Reached skill level 4 in Axes
  9291 | D:6      | Reached skill level 4 in Maces & Flails
  9291 | D:6      | Reached skill level 4 in Polearms
  9291 | D:6      | Reached skill level 4 in Staves
  9291 | D:6      | Reached skill level 4 in Slings
  9291 | D:6      | Reached skill level 4 in Bows
  9291 | D:6      | Reached skill level 4 in Crossbows
  9291 | D:6      | Reached skill level 4 in Throwing
  9291 | D:6      | Reached skill level 4 in Armour
  9291 | D:6      | Reached skill level 4 in Shields
  9291 | D:6      | Reached skill level 4 in Unarmed Combat
  9291 | D:6      | Reached skill level 4 in Evocations
 10159 | D:7      | Reached skill level 6 in Stealth
 10159 | D:7      | Reached skill level 8 in Ice Magic
 10345 | D:7      | HP: 10/65 [electric eel/bolt of electricity (9)]
 10347 | D:7      | HP: 1/65 [electric eel/bolt of electricity (10)]
 10348 | D:7      | Killed from afar by an electric eel

Illustrated notes

Levels and vault maps discovered:
D:1:      eino_arrival_water_star, layout_basic
D:2:      layout_basic
D:3:      layout_loops_ring, serial_shops, shop, lightli_sewer_entry_pipes
D:4:      layout_basic, minmay_temple_entry_antechambers, uniq_natasha,
          uniq_crazy_yiuf_cottage, uniq_blork_the_orc
D:5:      layout_gridville, nicolae_elyvilon_peaceful_grove, minmay_between,
          uniq_duvessa
D:6:      layout_basic
D:7:      layout_loops_ring, minmay_shop_grid_forest, lightli_minifort
Temple:   mainiacjoe_temple_hex_bubbles

Skill      XL: |  1  2  3  4  5  6  7  8  9 |
---------------+----------------------------+-----
Spellcasting   | 5 6 |  6.5
Invocations    | 1 2 3 4 |  4.5
Fighting       | 1 2 3 4 |  4.1
Short Blades   | 1 2 3 4 |  4.1
Long Blades    | 1 2 3 4 |  4.1
Axes           | 1 2 3 4 |  4.1
Maces & Flails | 1 2 3 4 |  4.1
Polearms       | 1 2 3 4 |  4.1
Staves         | 1 2 3 4 |  4.1
Slings         | 1 2 3 4 |  4.1
Bows           | 1 2 3 4 |  4.1
Crossbows      | 1 2 3 4 |  4.1
Throwing       | 1 2 3 4 |  4.1
Armour         | 1 2 3 4 |  4.1
Shields        | 1 2 3 4 |  4.1
Unarmed Combat | 1 2 3 4 |  4.1
Evocations     | 1 2 3 4 |  4.1
Conjurations   | 1 2 3 |  3.4
Hexes          | 1 2 3 |  3.4
Summonings     | 1 2 3 |  3.4
Necromancy     | 1 2 3 |  3.4
Translocations | 1 2 3 |  3.4
Transmutations | 1 2 3 |  3.4
Fire Magic     | 1 2 3 |  3.4
Air Magic      | 1 2 3 |  3.4
Earth Magic    | 1 2 3 |  3.4
Poison Magic   | 1 2 3 |  3.4
Dodging        | 5 6 |  6.2
Stealth        | 5 6 |  6.0
Ice Magic      | 8 |  8.0

Action                   |  1- 3 |  4- 6 |  7- 9 || total
-------------------------+-------+-------+-------++-------
Melee: Unarmed           |     1 |       |       ||     1
       Dagger            |     3 |       |       ||     3
 Fire: Hunting sling     |    37 |   210 |   227 ||   474
 Cast: Freeze            |    51 |    19 |    11 ||    81
       Frozen Ramparts   |     2 |    17 |    23 ||    42
       Ozocubu's Armour  |     1 |    11 |    14 ||    26
Invok: Curse Item        |       |       |     1 ||     1
  Use: Scroll            |     5 |     2 |       ||     7
Armor: Robe              |    11 |     9 |    13 ||    33
       Leather armour    |       |     6 |    20 ||    26
Dodge: Dodged            |    20 |    50 |    97 ||   167

Table legend: (Time is in decaauts)
 A = Elapsed time spent in this place.
 B = Non-inter-level travel time spent in this place.
 C = Inter-level travel time spent in this place.
 D = Time resting spent in this place.
 E = Time spent auto-exploring this place.
 F = Levels seen in this place.
 G = Mean time per level.
                   A        B        C        D        E       F      G
               +--------+--------+--------+--------+--------+-----+--------+
         Total |  10636 |   9669 |    967 |    217 |   7794 |   9 | 1181.8 |
       Dungeon |   9582 |   8655 |    927 |    217 |   7017 |   7 | 1368.9 |
        Temple |    230 |    190 |     40 |      0 |    188 |   1 |  230.0 |
         Sewer |    823 |    823 |      0 |      0 |    588 |   1 |  823.0 |
               +--------+--------+--------+--------+--------+-----+--------+

Top non-repeatable levels by time:
     D:5: 3223 daAuts
     D:4: 1396 daAuts
     D:1: 1274 daAuts
     D:6: 1216 daAuts
     D:2: 1049 daAuts
     D:3: 1013 daAuts
   Sewer: 823 daAuts
     D:7: 409 daAuts
  Temple: 230 daAuts

Table legend:
 A = Kills in this place as a percentage of kills in entire the game.
 B = Kills by you in this place as a percentage of kills by you in the entire game.
 C = Kills by friends in this place as a percentage of kills by friends in the entire game.
 D = Other kills in this place as a percentage of other kills in the entire game.
 E = Experience gained in this place as a percentage of experience gained in the entire game.
 F = Experience gained in this place divided by the number of levels of this place that you have seen.
                   A       B       C       D       E      F
               +-------+-------+-------+-------+-------+----------------------
         Total | 100.0 | 100.0 |   N/A |   N/A | 100.0 | 347.0
       Dungeon |  81.6 |  81.6 |   N/A |   N/A |  95.7 | 426.9
         Sewer |  18.4 |  18.4 |   N/A |   N/A |   4.3 | 135.0
               +-------+-------+-------+-------+-------+----------------------
